 Dungeon Crawl Stone Soup version 0.17.1-1-g73c8601 (console) character file.

1996 Kloppie the Fighter (level 9, -8/91 HPs)
             Began as a Naga Berserker on Dec 21, 2015.
             Was a Priest of Trog.
             Mangled by an ice beast (10 damage)
             ... on level 6 of the Dungeon.
             The game lasted 00:11:29 (7498 turns).

Kloppie the Fighter (Naga Berserker)                Turns: 7498, Time: 00:11:29

Health: -8/91      AC:  5    Str: 19    XL:     9   Next: 21%
Magic:  9/9        EV:  5    Int:  8    God:    Trog [***...]
Gold:   227        SH:  0    Dex: 14    Spells: 0 memorised, 8 levels left

rFire  . . .     SeeInvis +     a - +0 spear
rCold  . . .     Clarity  .     n - +0 chain mail
rNeg   . . .     SustAt   +     (no shield)
rPois  +         Gourm    .     f - +0 helmet
rElec  .         Spirit   .     (no cloak)
rCorr  .         Warding  .     p - +0 pair of gloves
rMut   .         Stasis   .     (no barding)
MR     +++..                    (no amulet)
Stlth  ..........               (no ring)
                                C - ring of sustain attributes

@: corroded equipment, regenerating, very slow, extremely resistant to hostile
enchantments, extremely unstealthy
A: see invisible, deformed body, poison resistance, slowness 2, slow metabolism
1, spit poison 2, AC +3
a: Spit Poison, Berserk, Trog's Hand, Burn Spellbooks, Renounce Religion


You were on level 6 of the Dungeon.
You worshipped Trog.
Trog was most pleased with you.
You were not hungry.

You visited 1 branch of the dungeon, and saw 6 of its levels.

You collected 227 gold pieces.

Inventory:

Hand Weapons
 a - a +0 spear (weapon)
Armour
 f - a +0 helmet (worn)
 n - a +0 chain mail (worn)
 p - a +0 pair of gloves (worn)
Jewellery
 C - a ring of sustain attributes (left hand)
Wands
 v - a wand of lightning (8)
 x - a wand of enslavement (19)
 y - a wand of draining (8)
 A - a wand of slowing (25)
Scrolls
 d - 8 scrolls of identify {unknown}
 e - a scroll of teleportation {unknown}
 h - a scroll of enchant weapon {unknown}
 j - a scroll of fog {unknown}
 k - 3 scrolls of magic mapping {unknown}
 o - 2 scrolls of random uselessness {unknown}
 q - 3 scrolls of fear {unknown}
 r - a scroll of recharging {unknown}
 s - 3 scrolls of remove curse {unknown}
 w - 3 scrolls of enchant armour {unknown}
 D - a scroll of noise {unknown}
Potions
 b - 2 potions of heal wounds {unknown}
 g - 2 potions of haste
 i - 2 potions of might {unknown}
 m - 2 potions of lignification {unknown}
 t - a potion of brilliance {unknown}
 u - 2 potions of degeneration {unknown}
 z - a potion of invisibility {unknown}
 E - a potion of beneficial mutation {unknown}
Comestibles
 c - 4 bread rations
 l - 4 meat rations
 B - 5 chunks of flesh


   Skills:
 + Level 9.0 Fighting
 + Level 8.8 Polearms
 - Level 1.5 Armour
 - Level 1.5 Dodging


You had 8 spell levels left.
You didn't know any spells.

Dungeon Overview and Level Annotations

Branches:
Dungeon (6/15)             Temple (0/1) D:4

Altars:
Nemelex Xobeh
Okawaru
Trog

Shops:
D:4 *


Innate Abilities, Weirdness & Mutations

You cannot wear boots.
Your serpentine skin is tough (AC +3).
You have supernaturally acute eyesight.
Armour fits poorly on your strangely shaped body.
Your system is resistant to poisons.
You cover ground very slowly.
You have a slow metabolism.
You can spit poison.


Message History

The ice beast hits you.
* * * LOW HITPOINT WARNING * * *
The ice beast freezes you!
* * * LOW HITPOINT WARNING * * *
You barely miss the ice beast.
The ice beast is lightly wounded.
The ice beast hits you.
* * * LOW HITPOINT WARNING * * *
The ice beast freezes you!
* * * LOW HITPOINT WARNING * * *
The ice beast hits you.
* * * LOW HITPOINT WARNING * * *
The ice beast freezes you!
* * * LOW HITPOINT WARNING * * *
Your skin crawls.
You feel resistant to hostile enchantments.
You feel slightly more hungry. The ice beast hits you.
* * * LOW HITPOINT WARNING * * *
The ice beast freezes you!
You die...

..##... #...###......#
....... #............#
###### ##...###.###..#
.......###.#
............####..#
...#....##........#
####..........##.#####.##
((.......................
####.#.##..#..##@#####.##.
#. #.Y†....... ..
#######.#.. ### #. ..# #
..# ..# ..# ..#


You could see an ice beast.

Vanquished Creatures
  The ghost of Rationalist the Skirmisher, an amateur DsBe of Trog (D:4)
  An ice beast (D:5)
  A phantom (D:6)
  An orc warrior (D:6)
  A sky beast (D:5)
  An ogre (D:5)
  2 centaurs
  3 giant frogs
  3 scorpions (D:5)
  A crimson imp (D:3)
  5 orc wizards
  2 hounds
  2 orc priests
  A centaur skeleton (D:5)
  2 jellies
  2 worker ants (D:5)
  An iguana (D:5)
  Robin (D:4)
  3 gnolls (D:2)
  6 adders
  An adder zombie (D:5)
  3 worms
  6 giant geckos
  37 orcs
  A ball python (D:3)
  6 bats
  4 giant cockroaches
  18 goblins
  4 hobgoblins
  17 jackals
  13 kobolds
  4 quokkas
  4 giant newts
  A quokka zombie (D:5)
  11 rats
170 creatures vanquished.

Vanquished Creatures (collateral kills)
  A hungry ghost (D:5)
1 creature vanquished.

Vanquished Creatures (others)
  An orc wizard (D:5)
  A goblin (D:4)
2 creatures vanquished.

Grand Total: 173 creatures vanquished

Notes
Turn   | Place    | Note
--------------------------------------------------------------
     0 | D:1      | Kloppie the Naga Berserker began the quest for the Orb.
     0 | D:1      | Reached XP level 1. HP: 21/21 MP: 1/1
   157 | D:1      | Reached XP level 2. HP: 28/28 MP: 2/2
   600 | D:1      | Reached ** piety under Trog
   854 | D:2      | Reached XP level 3. HP: 30/36 MP: 3/3
  1269 | D:2      | Reached skill level 4 in Fighting
  1333 | D:2      | Reached XP level 4. HP: 34/44 MP: 4/4
  1894 | D:2      | Found an iron altar of Okawaru.
  1942 | D:3      | Reached XP level 5. HP: 37/51 MP: 5/5
  2168 | D:3      | Reached *** piety under Trog
  2396 | D:3      | Reached skill level 5 in Fighting
  2659 | D:3      | Reached skill level 5 in Polearms
  2659 | D:3      | Reached XP level 6. HP: 34/61 MP: 6/6
  2849 | D:4      | Noticed Rationalist's ghost (amateur DsBe)
  2873 | D:4      | Killed Rationalist's ghost
  2873 | D:4      | Reached XP level 7. HP: 68/68 MP: 7/7
  2978 | D:4      | Found a staircase to the Ecumenical Temple.
  2991 | D:4      | Found a bloodstained altar of Trog.
  3071 | D:4      | Found Mathe's General Store.
  3089 | D:4      | Noticed Robin
  3126 | D:4      | Reached skill level 6 in Fighting
  3135 | D:4      | Killed Robin
  3701 | D:4      | Reached **** piety under Trog
  3799 | D:5      | Entered Level 5 of the Dungeon
  3980 | D:5      | Received a gift from Trog
  5045 | D:5      | Found a sparkling altar of Nemelex Xobeh.
  5341 | D:5      | Reached XP level 8. HP: 26/78 MP: 8/8
  5343 | D:5      | Reached skill level 7 in Fighting
  6758 | D:5      | Reached skill level 8 in Fighting
  7099 | D:6      | Reached XP level 9. HP: 25/90 MP: 9/9
  7484 | D:6      | Reached skill level 9 in Fighting
  7497 | D:6      | HP: 3/91 [ice beast (7)]
  7498 | D:6      | Mangled by an ice beast

Action                   |  1- 3 |  4- 6 |  7- 9 || total
-------------------------+-------+-------+-------++-------
Melee: Spear             |   133 |   313 |   641 ||  1087
Invok: Berserk           |       |     3 |     6 ||     9
       Trog's Hand       |       |     2 |     6 ||     8
       Brothers in Arms  |       |       |     1 ||     1
 Abil: Spit Poison       |     3 |       |     1 ||     4
  Use: Potion            |       |       |     1 ||     1
  Eat: Chunk             |     1 |     6 |    21 ||    28
       Beef jerky        |       |       |     2 ||     2
       Bread ration      |       |       |     2 ||     2
